Unix NetHack Version 5.0.0-0 post-release - last build May 17 2026 04:57:42 (dc50c8380fa5e20985bfe3072449f57b8d9895ef,branch:main).

Game began 2026-05-18 03:39:44, ended 2026-05-18 04:22:39.

Brudee, chaotic female human Monk

                                                                   --
                                                                ---.--
                                                         --- ----....|
                                                         |.---......-
                                                         |..........|
                                                         |.....G....|
                                                  |      |..%......-
                                                  |. -----@......<.|
                                                  |....%.Y.........-----    --
                                                  |....h.....................|
                                                  |...-----.....--.-------- --
                                                  |.      -..--.| --
                                                  |       .o--|.-
                                                         -..  |.
                                                         ...  --
                                                        ....-
                                                       |...--
                                                       -...
                                                       ....
                                                      ----.
                                                         --
Brudee the Initiate             St:17 Dx:13 Co:13 In:10 Wi:17 Ch:10  Chaotic S:7151
Dlvl:7  $:2121 HP:0(47) Pw:35(40) AC:2  Xp:7/1175 T:4593  Burdened

Latest messages:
 The gnome shoots 2 crossbow bolts!
 You are hit by the 1st crossbow bolt.
 The 2nd crossbow bolt misses you.
 You swap places with the peaceful dwarf.
 The gnome swings his crossbow.
 The gnome hits!
 You hit the gnome!
 The gnome swings his crossbow.
 The gnome hits!
 The dwarf picks up 2 crossbow bolts.
 You kill the gnome!
 The gnome lord picks up a crossbow.
 You hit the gnome lord!
 You kill the gnome lord!
 The gnome picks up a scroll of create monster.
 You hear a door open.
 You hit the gnome!
 You hear a door open.
 The gnome reads a scroll of create monster!
 A yeti suddenly appears close by!
 You kill the gnome!
 The dwarf swings his pick-axe.
 The dwarf hits!
 You hit the yeti!
 The yeti hits!
 The yeti hits again!
 The yeti bites!
 You hear the chime of a cash register.
 The yeti hits!
 The yeti hits again!
 The yeti bites!
 In what direction? .
 You feel better.
 The yeti hits!
 The yeti misses!
 The yeti bites!
 The dwarf swings his pick-axe.
 The dwarf hits!
 The yeti hits!
 The yeti hits again!
 The yeti bites!
 You feel an unexpected draft.
 Are you sure you want to pray? [yn] (n) y
 You begin praying to Huan Ti.
 The yeti hits!
 The yeti hits again!
 You die...
 Do you want your possessions identified? [ynq] (y) y
 Do you want to see your attributes? [ynq] (y) y
 Do you want an account of creatures vanquished? [ynaq] (y) q

Inventory:
 Coins    ('$')
  $ - 2121 gold pieces
 Amulets  ('"')
  H - an uncursed amulet of magical breathing
 Armor    ('[')
  L - a blessed rustproof +1 helm of opposite alignment
  a - an uncursed +2 pair of leather gloves (being worn)
  P - an uncursed +0 pair of iron shoes (being worn)
  b - an uncursed +1 robe (being worn)
 Comestibles  ('%')
  h - 5 uncursed apples
  B - an uncursed clove of garlic
  C - an uncursed food ration
  N - an uncursed partly eaten food ration
  m - 8 uncursed oranges
  u - 2 uncursed tripe rations
 Scrolls  ('?')
  f - an uncursed scroll of amnesia
  J - an uncursed scroll of charging
  y - 3 uncursed scrolls of confuse monster
  W - 2 uncursed scrolls of create monster
  s - a blessed scroll of destroy armor
  Z - a cursed scroll of destroy armor
  U - 3 uncursed scrolls of earth
  Q - an uncursed scroll of enchant armor
  j - 3 uncursed scrolls of enchant weapon
  z - 3 cursed scrolls of enchant weapon
  E - a cursed scroll of food detection
  e - an uncursed scroll of gold detection
  T - 7 blessed scrolls of identify
  M - 2 cursed scrolls of identify
  D - a blessed scroll of light
  A - an uncursed scroll of light
  X - 2 uncursed scrolls of magic mapping
  c - an uncursed scroll of scare monster
  O - an uncursed scroll of scare monster
 Spellbooks  ('+')
  g - an uncursed novel named Men at Arms
  l - an uncursed spellbook of cure sickness
  Y - an uncursed spellbook of force bolt
  R - an uncursed spellbook of haste self
  i - a blessed spellbook of healing
  v - an uncursed spellbook of light
  G - an uncursed spellbook of slow monster
 Potions  ('!')
  o - a cursed potion of extra healing
  p - 2 uncursed potions of healing
  K - an uncursed potion of polymorph
  d - a potion of holy water
 Wands    ('/')
  n - a wand of digging (0:5)
  q - a wand of striking (0:4)
 Tools    ('(')
  w - an uncursed blindfold
  r - an expensive camera (0:91)
  F - an uncursed skeleton key
  x - a tinning kit (0:67)
 Gems/Stones  ('*')
  S - 3 uncursed worthless pieces of black glass
  V - a cursed worthless piece of red glass

Brudee the Monk's attributes:

Background:
 You were an Initiate, a level 7 female human Monk.
 You were chaotic, on a mission for Huan Ti
 who was opposed by Shan Lai Ching (lawful) and Chih Sung-tzu (neutral).
 You were right-handed.
 You were in the Gnomish Mines, on level 7.
 You entered the dungeon 4593 turns ago.
 It was nighttime.
 There was a new moon in effect when your adventure ended.
 You had 1175 experience points, 105 more were needed to attain level 8.
 Your score was 7151 before end-of-game adjustments.

Basics:
 You had 0 out of 47 hit points.
 You had 35 out of 40 energy points (spell power).
 Your armor class was 2.
 Your wallet contained 2121 zorkmids.
 Autopickup was off.

Final Characteristics:
 Your strength was 17 (limit:18/100).
 Your dexterity was 13 (limit:18).
 Your constitution was 13 (limit:18).
 Your intelligence was 10 (limit:18).
 Your wisdom was 17 (limit:18).
 Your charisma was 10 (limit:18).

Final Status:
 You weren't hungry.
 You were burdened; movement was slightly slowed.
 You were empty handed.
 You were skilled in martial arts.

Final Attributes:
 You were piously aligned.
 You were sleep resistant.
 You were poison resistant.
 You saw invisible.
 You were warned.
 You were stealthy.
 You were guarded.
 Your spell casting was enhanced by wearing a robe.
 You were fast.
 You were unlucky.
 You are dead.

Miscellaneous:
 You didn't encounter any bones levels.
 Total elapsed playing time was 42 minutes and 55 seconds.

Major events:
 Turn
    1: Brudee the chaotic female human Monk entered the dungeon
  795: entered the Gnomish Mines
  878: attained the rank of Novice (level 3)
  904: stole 67 zorkmids worth of merchandise from Akalapi's general store
 2400: attained the rank of Initiate (level 6)
 3810: killed Kilgarvan, the second-hand bookstore proprietrix
 4568: reached Mine Town
 4593: killed by a yeti, while praying

Spells:
 Name                 Level Category     Fail Retention
 healing                1   healing        0%   71%-80%

Skills:
 Fighting Skills
   martial arts       [Skilled]
 Weapon Skills
   quarterstaff       [Unskilled]
   spear              [Unskilled]
   crossbow           [Unskilled]
   shuriken           [Unskilled]
 Spellcasting Skills
   attack spells      [Unskilled]
   healing spells     [Basic]
   divination spells  [Unskilled]
   enchantment spells [Unskilled]
   clerical spells    [Unskilled]
   escape spells      [Unskilled]
   matter spells      [Unskilled]

Voluntary challenges:
 Character rerolling was not enabled.
 You were vegetarian.
 You never hit with a wielded weapon.
 You never genocided any monsters.
 You never polymorphed an object.
 You never changed form.
 You used no wishes.
Achievements:
 You entered a shop.
 You entered the Gnomish Mines.
 You attained the rank of Novice.
 You attained the rank of Initiate.
 You entered Minetown.

 The Dungeons of Doom: levels 1 to 7
    Level 1:
       A grave.
    Level 2:
       A general store, a fountain, a sink.
    Level 3:
       A general store, a fountain.
       Stairs down to The Gnomish Mines.
    Level 4:
       A scroll shop, a grave.
    Level 5:
       A potion shop.
    Level 6:
       An altar to Huan Ti, some fountains.
    Level 7:
       Many fountains.
       Oracle of Delphi.
 The Gnomish Mines: levels 4 to 7
    Level 4:
    Level 5:
    Level 6:
    Level 7: <- You were here.
       Final resting place for
          you, killed by a yeti, while praying.


Vanquished creatures:
  a shopkeeper
  a large mimic
  2 small mimics
  a leprechaun
  a wood nymph
 an orc shaman
  a rock piercer
  a rock mole
  a fog cloud
  2 yellow lights
  a shrieker
  a violet fungus
  3 gnome leaders
  a guardian naga hatchling
  7 giant ants
  a floating eye
  5 dwarves
  2 kobold leaders
  4 hill orcs
  a rothe
  2 werejackals
  2 iguanas
  3 acid blobs
  3 coyotes
  4 hobbits
  4 manes
  a large kobold
  a hobgoblin
  4 giant rats
  2 brown molds
  a yellow mold
  a red mold
 20 gnomes
  a Keystone Kop
  2 geckos
  7 jackals
  a fox
  2 goblins
  3 grid bugs
  5 bats
  9 lichens
  7 newts
123 creatures vanquished.

No species were genocided or became extinct.

Game over:
                       ----------
                      /          \
                     /    REST    \
                    /      IN      \
                   /     PEACE      \
                  /                  \
                  |      Brudee      |
                  |     2121 Au      |
                  | killed by a yeti |
                  |                  |
                  |                  |
                  |                  |
                  |       2026       |
                 *|     *  *  *      | *
        _________)/\\_//(\/(/\)/\//\/|_)_______

Goodbye Brudee the Monk...

You died in The Gnomish Mines on dungeon level 7 with 6939 points,
and 2121 pieces of gold, after 4593 moves.
You were level 7 with a maximum of 47 hit points when you died.

